 Dungeon Crawl Stone Soup version 0.23-a0-378-gd7a6ca6 (webtiles) character file.

6071 MisterFreud the Arsonist (level 10, -1/75 HPs)
             Began as a Naga Fire Elementalist on Oct 27, 2018.
             Was a Priest of Cheibriados.
             Slain by an orc warrior
             ... wielding a +0 morningstar
              (6 damage)
             ... on level 8 of the Dungeon.
             The game lasted 00:40:36 (9100 turns).

MisterFreud the Arsonist (Naga Fire Elementalist)   Turns: 9100, Time: 00:40:37

Health: -1/75      AC:  7    Str: 17    XL:     10   Next: 87%
Magic:  2/14       EV: 14    Int: 26    God:    Cheibriados [***...]
Gold:   394        SH:  0    Dex: 19    Spells: 4/17 levels left

rFire    . . .     SeeInvis +   C - +3 trident
rCold    + . .     Gourm    .   (no shield)
rNeg     . . .     Faith    .   a - +0 robe
rPois    +         Spirit   .   m - +0 helmet
rElec    .         Reflect  .   v - +1 cloak
rCorr    .         Harm     .   (no gloves)
MR       +....     Clarity  +   (no barding)
Stlth    ++++......             (no amulet)
HPRegen  0.22/turn              r - ring of protection from cold
MPRegen  0.14/turn              (no ring)

@: very slow
A: large, see invisible, clarity, deformed body, low mp 1, poison resistance,
slowness 2, slow metabolism 1, spit poison 1, AC +3
a: Spit Poison, Bend Time, Temporal Distortion, Renounce Religion


You were on level 8 of the Dungeon.
You worshipped Cheibriados.
Cheibriados was most pleased with you.
You were not hungry.

You visited 1 branch of the dungeon, and saw 8 of its levels.

You collected 394 gold pieces.

Inventory:

Hand Weapons
 j - a +1 scythe
 k - a +0 hunting sling
 y - a +3 shortbow of flaming
 C - a +3 trident (weapon)
Missiles
 b - 2 needles of confusion
 d - 153 arrows
 g - 30 poisoned needles
 h - 537 stones (quivered)
 i - 94 sling bullets
 l - 75 bolts
Armour
 a - a +0 robe (worn)
 m - a +0 helmet (worn)
 v - a +1 cloak (worn)
 x - a +2 leather armour of magic resistance
Jewellery
 r - a ring of protection from cold (left hand)
Wands
 B - a wand of flame (17)
Scrolls
 e - a scroll of remove curse
 n - 3 scrolls of magic mapping
 q - 3 scrolls of enchant weapon
 s - 3 scrolls of teleportation
 z - a scroll of amnesia
Potions
 f - a potion of berserk rage
 o - a potion of might
 p - 2 potions of flight
 w - 3 potions of brilliance
 A - a potion of curing
Comestibles
 c - 8 rations


   Skills:
 * Level 3.8 Polearms
 + Level 6.5 Dodging
 - Level 8.1 Stealth
 - Level 4.2 Spellcasting
 - Level 8.1 Conjurations
 - Level 8.2 Fire Magic
 + Level 4.7 Invocations


You had 4 spell levels left.
You knew the following spells:

 Your Spells              Type           Power        Failure   Level  Hunger
a - Flame Tongue          Conj/Fire      #####        1%          1    None
b - Conjure Flame         Conj/Fire      #####...     1%          3    ##.....
c - Sticky Flame          Conj/Fire      #####...     3%          4    ####...
d - Fireball              Conj/Fire      #####.....   9%          5    #####..

Your spell library contained the following spells:

 Spells                   Type           Power        Failure   Level  Hunger
 Throw Flame              Conj/Fire      #####.       1%          2    None
 Inner Flame              Hex/Fire       ####....     4%          3    ##.....
 Corona                   Hex            #......      9%          1    None
 Summon Small Mammal      Summ           #...         9%          1    None
 Call Imp                 Summ           #.......     13%         2    None
 Slow                     Hex            #.......     13%         2    None
 Call Canine Familiar     Summ           #.......     26%         3    ##.....
 Portal Projectile        Hex/Tloc       #.....       26%         3    ##.....
 Summon Guardian Golem    Hex/Summ       #.......     26%         3    ##.....
 Cause Fear               Hex            #.........   63%         4    ####...
 Leda's Liquefaction      Hex/Erth       #.........   63%         4    ####...
 Summon Ice Beast         Ice/Summ       #.......     63%         4    ####...
 Summon Lightning Spire   Summ/Air       #.......     63%         4    ####...


Dungeon Overview and Level Annotations

Branches:
Dungeon (8/15)             Temple (0/1) D:7
   Lair: D:8-11

Altars:
Ashenzari
Cheibriados
Elyvilon
Fedhas
Hepliaklqana
Makhleb
Nemelex Xobeh
Ru
Uskayaw
Vehumet
Xom
Zin

Shops:
D:5 }

Annotations:
D:6 3 runed doors, heinrich's ghost, novice OpEE


Innate Abilities, Weirdness & Mutations

You cannot wear boots.
Your serpentine skin is tough. (AC +3)
You have supernaturally acute eyesight. (SInv)
Armour fits poorly on your strangely shaped body.
Your system is resistant to poisons. (rPois)
You cover ground very slowly.
You have a slow metabolism.
You can spit poison.
You possess an exceptional clarity of mind.
Your magical capacity is low. (-10% MP)


Message History

You feel better.
The orc warrior hits you with a +0 morningstar.
* * * LOW HITPOINT WARNING * * *
The orc wizard hits you with a +3 dagger of protection.
* * * LOW HITPOINT WARNING * * *
The howler monkey skeleton hits you.
* * * LOW HITPOINT WARNING * * *
Okay, then.
Unknown command.
Casting: Flame Tongue (safe; 1% risk of failure)
Confirm with . or Enter, or press ? or * to list all spells.
Aiming: Flame Tongue (safe; 1% risk of failure)
Press: ? - help, Shift-Dir - straight line, f/p - orc warrior
Aim: an orc warrior, wielding a +0 morningstar and wearing a +0 plate armour The flame tongue hits the orc warrior.
The orc warrior is almost dead.
The orc wizard hits you with a +3 dagger of protection.
* * * LOW HITPOINT WARNING * * *
The orc warrior hits you with a +0 morningstar.
You die...

#.. #### ##.#### ...
..... ..# #.#'#+##
##.######......#
#..............#
#.†######....Z.#
#......>....@o.#
#..#.........o.....#
+##
#.##.####..........#
..#
#.##............#..#
÷.###.....###.#####.#
.# ....#####.# #.. .#
. ....# #.# ### #
....#####.#
##........#######.


You could see an orc warrior, an orc wizard and a howler monkey skeleton.

Vanquished Creatures
  2 two-headed ogres (D:8)
  An unseen horror (D:8)
  Grinder (D:3)
  2 hippogriffs
  Sigmund (D:2)
  2 black bears (D:8)
  2 orc warriors
  3 phantoms
  A necrophage (D:8)
  2 centaurs
  3 ogres
  9 big kobolds
  Blork the orc (D:4)
  3 bullfrogs
  8 scorpions
  3 killer bees (D:8)
  A bullfrog zombie (D:7)
  A centaur zombie (D:3)
  A quasit (D:8)
  5 orc priests
  2 hounds
  A jelly (D:6)
  A centaur skeleton (D:8)
  2 iguanas (D:4)
  4 orc wizards
  Terence (D:3)
  5 worker ants
  A hound zombie (D:5)
  2 worker ant zombies
  A howler monkey zombie (D:5)
  2 gnolls
  6 adders
  A river rat (D:4)
  2 shadow imps
  2 oozes (D:2)
  3 adder zombies
  An adder skeleton (D:6)
  3 worms
  3 dart slugs
  6 leopard geckos
  33 orcs
  3 ball pythons
  7 bats
  A bat skeleton (D:2)
  2 bat zombies (D:2)
  8 giant cockroaches
  11 goblins
  10 hobgoblins
  13 jackals
  4 quokkas
  3 frilled lizards
  A giant cockroach zombie (D:2)
  A jackal skeleton (D:2)
  A jackal zombie (D:2)
  61 kobolds
  A leopard gecko skeleton (D:4)
  A quokka skeleton (D:4)
  11 rats
273 creatures vanquished.

Notes
Turn   | Place    | Note
-------+----------+-------------------------------------------
     0 | D:1      | MisterFreud the Naga Fire Elementalist began the quest for
                  | the Orb.
     0 | D:1      | Reached XP level 1. HP: 15/15 MP: 3/3
    67 | D:1      | Reached XP level 2. HP: 22/22 MP: 5/5
   174 | D:1      | Reached XP level 3. HP: 13/28 MP: 2/6
   179 | D:1      | Learned a level 3 spell: Conjure Flame
  1235 | D:2      | Reached XP level 4. HP: 33/36 MP: 0/7
  1265 | D:2      | Noticed Sigmund
  1648 | D:2      | Killed Sigmund
  1648 | D:2      | Reached XP level 5. HP: 26/42 MP: 5/8
  1698 | D:2      | Reached XP level 6. HP: 38/49 MP: 6/9
  2246 | D:2      | Found a burning altar of Makhleb.
  2246 | D:2      | Found a shimmering altar of Xom.
  2247 | D:2      | Found a radiant altar of Vehumet.
  2440 | D:3      | Noticed Terence
  2448 | D:3      | Killed Terence
  2623 | D:3      | Noticed a phantom
  2705 | D:3      | Killed a phantom
  2705 | D:3      | Reached XP level 7. HP: 34/55 MP: 2/10
  2864 | D:3      | Noticed Grinder
  2894 | D:3      | Killed Grinder
  2894 | D:3      | Reached skill level 5 in Conjurations
  2900 | D:3      | Learned a level 4 spell: Sticky Flame
  2989 | D:4      | Reached skill level 5 in Fire Magic
  3421 | D:4      | Found a glowing silver altar of Zin.
  3423 | D:4      | Found a sacrificial altar of Ru.
  3428 | D:4      | Found a shattered altar of Ashenzari.
  3428 | D:4      | Found a sparkling altar of Nemelex Xobeh.
  3464 | D:4      | Noticed Blork the orc
  3469 | D:4      | Killed Blork the orc
  3469 | D:4      | Reached XP level 8. HP: 42/62 MP: 6/11
  4388 | D:4      | Found a blossoming altar of Fedhas.
  4767 | D:5      | Entered Level 5 of the Dungeon
  4767 | D:5      | Found Bocin's Gadget Emporium.
  4903 | D:5      | Noticed a hand axe
  4903 | D:5      | Noticed a hand axe
  5053 | D:5      | Found a hide-covered altar of Uskayaw.
  5170 | D:5      | Reached XP level 9. HP: 37/68 MP: 3/15
  5818 | D:6      | Found a hazy altar of Hepliaklqana.
  5978 | D:6      | Gained mutation: Your magical capacity is low. (-10% MP)
                  | [potion of mutation]
  5978 | D:6      | Gained mutation: You possess an exceptional clarity of
                  | mind. [potion of mutation]
  5978 | D:6      | HP: 3/68 [poisoned by an adder]
  6259 | D:6      | Found a runed gate.
  6260 | D:6      | Found a runed gate.
  6260 | D:6      | Found a runed gate.
  6260 | D:6      | Noticed heinrich's ghost (novice OpEE)
  6382 | D:6      | Learned a level 5 spell: Fireball
  6439 | D:6      | Found a snail-covered altar of Cheibriados.
  6454 | D:6      | Became a worshipper of Cheibriados the Contemplative
  6889 | D:8      | Noticed a two-headed ogre
  6897 | D:8      | Killed a two-headed ogre
  7134 | D:8      | Reached XP level 10. HP: 65/75 MP: 9/14
  7488 | D:7      | Reached skill level 5 in Dodging
  7502 | D:7      | Reached * piety under Cheibriados
  7660 | D:7      | Found a staircase to the Ecumenical Temple.
  7786 | D:7      | Reached skill level 1 in Invocations
  7945 | D:7      | Reached ** piety under Cheibriados
  8086 | D:8      | Noticed a two-headed ogre
  8092 | D:8      | Killed a two-headed ogre
  8253 | D:8      | Found a white marble altar of Elyvilon.
  8875 | D:8      | Reached *** piety under Cheibriados
  8930 | D:8      | Noticed an unseen horror
  8939 | D:8      | Killed an unseen horror
  9100 | D:8      | Slain by an orc warrior

Vault maps used:
D:1:      psy_arrival_basics
D:2:      gammafunk_temple_overflow_forgotten, serial_undead, serial_undead_d,
          serial_undead_b, serial_undead_d, serial_undead_b, serial_undead_b,
          serial_undead_c, minmay_small_reverse_x, uniq_sigmund
D:3:      grunt_decor_fettered, st_stairs_2, uniq_grinder, uniq_terence
D:4:      minmay_goblin_kobold_castle, kennysheep_mini_moat,
          grunt_temple_overflow_open, first_ration, gup_sewer_entry_bubbles,
          uniq_blork_the_orc
D:5:      dancing_weapons_uskayaw, serial_shops, shop_fountains,
          serial_bayou_lagoon_a
D:6:      kennysheep_slug_shrine, lemuel_coloured_pillars_altar,
          gammafunk_ghost_split
D:7:      temple_doors_ab
D:8:      wad_cavern_with_rooms, elyvilon_altar_1

Skill      XL: |  1  2  3  4  5  6  7  8  9 10 |
---------------+-------------------------------+-----
Conjurations   | 2 3 4 5 8 |  8.1
Stealth        | 4 8 |  8.1
Fire Magic     | 4 5 6 8 |  8.2
Dodging        | 3 4 6 |  6.5
Spellcasting   | 4 |  4.2
Invocations    | 4 |  4.7
Polearms       | 3 |  3.8

Action                   |  1- 3 |  4- 6 |  7- 9 | 10-12 || total
-------------------------+-------+-------+-------+-------++-------
Melee: Spear             |    21 |       |       |       ||    21
       Dagger            |     3 |       |       |       ||     3
       Scythe            |       |    48 |   203 |    11 ||   262
       Trident           |       |       |       |    25 ||    25
 Cast: Flame Tongue      |    41 |    54 |   182 |   123 ||   400
       Conjure Flame     |       |     1 |       |       ||     1
       Sticky Flame      |       |       |    18 |    17 ||    35
 Abil: Spit Poison       |    25 |    31 |    31 |    28 ||   115
  Use: Scroll            |     1 |     2 |     7 |     5 ||    15
       Potion            |       |     1 |     4 |     1 ||     6
 Stab: Sleeping          |     1 |     2 |    17 |     2 ||    22
       Distracted        |       |       |       |     2 ||     2
  Eat: Chunk             |     2 |     5 |    12 |     6 ||    25
       Ration            |       |       |     2 |     1 ||     3
Armor: Robe              |    14 |    56 |   117 |    66 ||   253
Dodge: Dodged            |    40 |    96 |   269 |   162 ||   567

Table legend:
 A = Non-vault XP
 B = Vault XP
 C = Vault XP percentage of total XP
 D = Non-vault monster count
 E = Vault monster count
 F = Vault count percentage of total count
                 A         B        C        D         E       F
            +---------+---------+-------+---------+---------+-------
      Total |    5197 |    3476 |  40.1 |     192 |      81 |  29.7
            +---------+---------+-------+---------+---------+-------
        D:1 |      69 |       0 |   0.0 |      30 |       0 |   0.0
        D:2 |      50 |     265 |  84.1 |      24 |      13 |  35.1
        D:3 |     132 |     443 |  77.0 |      15 |       5 |  25.0
        D:4 |     455 |     771 |  62.9 |      20 |      58 |  74.4
        D:5 |     607 |       0 |   0.0 |      23 |       0 |   0.0
        D:6 |     526 |       4 |   0.8 |      12 |       1 |   7.7
        D:7 |    1301 |       0 |   0.0 |      41 |       0 |   0.0
        D:8 |    2057 |    1993 |  49.2 |      27 |       4 |  12.9
            +---------+---------+-------+---------+---------+-------
